AoeStats
← Franghis Khan

MegaRandom

510038347Analyzed
4v4 RM · 4d ago on Sep 29, 2026· 48m 48s· 8 players
Game mode
Random Map
Map size
Large (8 player)
Population
200
Speed
Normal
Resources
Standard
Victory
Conquest
Starting age
Dark Age
Ending age
Imperial Age
RankedLock teamsTeams togetherTeam positionsShared explorationLock speedFull tech treeHidden civsTurbo modeCheats
Victory
Defeat
🇲🇽 Cumans · Mexico
792
+18
🇭🇰 Persians · Hong Kong SAR China
789
+18
🇨🇳 Franks · China
786
+18
🇮🇳 Britons · India
682
+22
🇺🇸 Khmer · United States
872
-21
🇦🇺 Mongols · Australia
831
-19
🇪🇸 Shu · Spain
814
-29
🇦🇷 Chinese · Argentina
807
-18
ElBlack
9:29 Loom
13:09 Feudal Age
14:40 Double-Bit Axe
23:41 Castle Age
27:40 Thumb Ring
30:25 Ballistics
35:53 Imperial Age
37:09 Conscription
36:09 Elite Kipchak
38:41 Parthian Tactics
38:32 Fletching
40:29 Bodkin Arrow
gokulsurya003
0:50 Loom
9:58 Feudal Age
10:34 Town Watch
11:39 Wheelbarrow
23:47 Castle Age
22:20 Double-Bit Axe
22:20 Fishing Lines
25:00 Pikeman
29:05 Scale Barding Armor
33:28 Gillnets
36:06 Elite Skirmisher
42:00 Fletching
42:14 Padded Archer Armor
42:15 Scale Mail Armor
輕鬆一打四
0:28 Loom
11:55 Feudal Age
12:26 Double-Bit Axe
12:22 Horse Collar
19:32 Castle Age
17:53 Stone Mining
17:54 Gold Mining
19:48 Wheelbarrow
18:58 Town Watch
21:02 Bow Saw
22:32 Heavy Plow
33:41 Stone Shaft Mining
34:01 Gold Shaft Mining
37:04 Imperial Age
34:49 Hand Cart
34:59 Town Patrol
35:01 Devotion
35:07 Scale Barding Armor
36:38 Fletching
37:09 Chain Barding Armor
36:59 Forging
37:04 Elite War Elephant
38:05 Conscription
37:55 Citadels
37:45 Bodkin Arrow
38:11 Elite War Elephant
39:57 Hoardings
40:04 Plate Barding Armor
40:04 Iron Casting
40:09 Crop Rotation
40:50 Two-Man Saw
40:12 Husbandry
40:23 Bloodlines
40:25 Masonry
40:35 Ballistics
40:11 Murder Holes
41:17 Chemistry
41:47 Hoardings
43:14 Blast Furnace
42:38 Faith
48:17 Architecture
An
11:27 Feudal Age
16:27 Castle Age
16:09 Double-Bit Axe
18:23 Bow Saw
21:23 Stone Mining
31:18 Imperial Age
29:13 Gold Mining
30:25 Forging
30:21 Scale Barding Armor
31:12 Gold Shaft Mining
31:27 Cavalier
32:19 Chivalry
32:58 Iron Casting
32:44 Chain Barding Armor
36:04 Blast Furnace
35:25 Chain Barding Armor
36:57 Paladin
WAR_LORD
13:26 Feudal Age
13:57 Double-Bit Axe
16:53 Wheelbarrow
17:14 Gold Mining
19:57 Castle Age
20:12 Padded Archer Armor
20:02 Fletching
20:31 Crossbowman
21:17 Thumb Ring
24:04 Leather Archer Armor
23:45 Bodkin Arrow
27:11 Bow Saw
29:38 Horse Collar
40:11 Wheelbarrow
40:30 Stone Mining
41:21 Gold Shaft Mining
42:08 Hand Cart
43:01 Coiled Serpent Array
43:28 Scale Mail Armor
43:39 Forging
43:38 Scale Barding Armor
46:12 Imperial Age
43:49 Heavy Plow
maximusthefirst
2:21 Loom
11:48 Feudal Age
13:24 Wheelbarrow
12:37 Double-Bit Axe
12:35 Horse Collar
20:37 Castle Age
19:04 Bloodlines
21:06 Stone Mining
21:38 Hand Cart
21:37 Bow Saw
21:31 Heavy Plow
21:30 Light Cavalry
22:12 Husbandry
24:10 Stone Shaft Mining
23:49 Gold Mining
26:11 Fletching
28:34 Town Watch
30:35 Town Patrol
35:30 Imperial Age
33:48 Gold Shaft Mining
33:38 Ballistics
33:42 Tusk Swords
33:43 Bodkin Arrow
34:03 Fortified Wall
33:49 Murder Holes
34:02 Scale Barding Armor
34:54 Masonry
35:02 Forging
37:00 Chain Barding Armor
37:16 Iron Casting
37:30 Crop Rotation
38:11 Chemistry
37:17 Siege Engineers
37:15 Bracer
37:48 Architecture
37:46 Conscription
38:03 Hoardings
37:29 Hussar
37:40 Cavalier
37:47 Capped Ram
39:52 Double Crossbow
40:41 Plate Barding Armor
41:49 Elite Ballista Elephant
42:10 Siege Ram
45:28 Blast Furnace
45:54 Pikeman
46:21 Arson
46:40 Scale Mail Armor
46:49 Man-at-Arms
46:50 Halberdier
47:50 Chain Mail Armor
47:36 Padded Archer Armor
48:01 Long Swordsman
Franghis Khan
12:26 Feudal Age
10:43 Loom
14:42 Double-Bit Axe
19:26 Castle Age
18:36 Gold Mining
18:28 Horse Collar
19:58 Stone Mining
23:07 Bow Saw
23:36 Fervor
24:11 Crossbowman
28:03 Fletching
28:13 Padded Archer Armor
28:22 Thumb Ring
29:08 Wheelbarrow
30:45 Bodkin Arrow
31:05 Leather Archer Armor
35:29 Imperial Age
34:23 Heavy Plow
35:03 Gold Shaft Mining
38:17 Chemistry
37:38 Ballistics
37:16 Arbalester
39:56 Elite Skirmisher
43:14 Pikeman
43:58 Squires
46:47 Forging
46:37 Scale Mail Armor
46:27 Halberdier
48:05 Iron Casting
48:23 Chain Mail Armor
mund
8:31 Loom
10:49 Feudal Age
15:36 Double-Bit Axe
19:44 Castle Age
18:09 Gold Mining
20:54 Bloodlines
20:05 Light Cavalry
21:41 Husbandry
21:48 Stone Mining
22:50 Scale Barding Armor
23:09 Bow Saw
23:17 Horse Collar
24:36 Wheelbarrow
29:34 Padded Archer Armor
29:24 Fletching
31:15 Gold Shaft Mining
34:03 Hand Cart
40:23 Imperial Age
Connection lost

Rejoining the realm…

Still unreachable

The connection could not be restored.

Session expired

The server has moved on; the page needs a fresh start.